 Dungeon Crawl Stone Soup version 0.31.0-12-g77e489cdc1 (webtiles) character file.

Game seed: 10518949679417593095

141677 Curundu the Tortoise (level 16, -11/149 HPs)
             Began as a Minotaur Berserker on Mar 6, 2024.
             Was a High Priest of Trog.
             Incinerated by a deep elf pyromancer (16 damage)
             ... with a pyre arrow
             ... on level 3 of the Elven Halls.
             The game lasted 02:11:53 (33641 turns).

Curundu the Tortoise (Minotaur Berserker)          Turns: 33641, Time: 02:11:53

Health: -11/149    AC: 27    Str: 35    XL:     16   Next: 78%
Magic:  4/15       EV: 12    Int:  4    God:    Trog [*****.]
Gold:   2996       SH: 21    Dex: 11    Spells: 15/15 levels left

rFire   . . .        o - +6 hand axe of Growth {spect, *Rage rElec rPois rCorr}
rCold   . . .        q - +2 tower shield
rNeg    . . .        H - +0 plate armour
rPois   +            (helmet restricted)
rElec   +            a - +2 cloak {Will+}
rCorr   +            u - +0 pair of gloves {infuse}
SInv    .            D - +2 pair of boots {Stlth+}
Will    ++++.        (no amulet) Stlth
                     j - +6 ring of strength
HPRegen 1.44/turn    x - +4 ring of slaying
MPRegen 0.14/turn

%: random rage (20%), infuse magic (1 MP)
@: on fire, strong-willed, on berserk cooldown, regenerating, slowed, glowing,
very slow
A: horns 2, retaliatory headbutt
a: Renounce Religion, Berserk, Trog's Hand, Brothers in Arms


You were on level 3 of the Elven Halls.
You worshipped Trog.
Trog was extremely pleased with you.
You visited 4 branches of the dungeon, and saw 25 of its levels.
You also visited: Bailey.

You collected 3560 gold pieces.
You spent 564 gold pieces at shops.

Inventory:

Hand Weapons
 m - a +1 war axe
 o - the +6 hand axe of Growth (weapon) {spect, *Rage rElec rPois rCorr}
   (You found it on level 3 of the Dungeon)

   rElec:     It insulates you from electricity.
   rPois:     It protects you from poison *Rage: It berserks you when you make
   melee attacks (+20% chance).
   rCorr:     It protects you from acid and corrosion.
 M - a +2 scimitar of flaming
Missiles
 h - a throwing net
 p - 14 javelins
 A - 15 boomerangs (quivered)
Armour
 a - a +2 cloak of willpower (worn)
 q - a +2 tower shield (worn)
 u - a +0 pair of gloves of infusion (worn)
 D - a +2 pair of boots of stealth (worn)
 H - a +0 plate armour (worn)
 I - a +2 kite shield of positive energy
Jewellery
 f - a ring of see invisible
 j - a +6 ring of strength (left hand)
 x - a +4 ring of slaying (right hand)
 F - an amulet of the acrobat
 L - the ring "Harghi" {Fire rN++ Str+2 Dex-4 SInv}
   (You acquired it on level 15 of the Dungeon)

   [ring of fire]

   Fire:      It enhances your fire magic.
   Str+2:     It affects your strength (+2).
   Dex-4:     It affects your dexterity (-4).
   rF+:       It protects you from fire.
   rC-:       It makes you vulnerable to cold.
   rN++:      It greatly protects you from negative energy.
   SInv:      It lets you see invisible.
 N - a ring of protection from fire
 O - a ring of willpower
 P - a ring of protection from fire
 Q - a ring of flight
Wands
 c - a wand of light (9)
 g - a wand of flame (35)
 i - a wand of iceblast (14)
 y - a wand of digging (5)
 z - a wand of mindburst (21)
 C - a wand of charming (28)
 J - a wand of polymorph (8)
Scrolls
 d - 12 scrolls of teleportation
 k - 3 scrolls of blinking
 n - 3 scrolls of enchant weapon
 t - 3 scrolls of fear
 B - 2 scrolls of identify
 E - 3 scrolls of poison
 G - 6 scrolls of fog
 S - a scroll of revelation
Potions
 b - 3 potions of might
 e - 3 potions of lignification
 l - 3 potions of heal wounds
 r - 3 potions of haste
 s - 8 potions of curing
 v - a potion of invisibility
 w - 7 potions of mutation
 K - a potion of resistance
 R - a potion of enlightenment


   Skills:
 * Level 15.1 Fighting
 * Level 17.6 Axes
 - Level 0.8 Throwing
 * Level 18.5 Armour
 * Level 12.7 Dodging
 - Level 4.7 Stealth
 + Level 16.9 Shields
 + Level 0.4 Evocations


You had 15 spell levels left.
You didn't know any spells.
Your spell library was empty.

Dungeon Overview and Level Annotations

Branches:
Dungeon (15/15)            Temple (0/1) D:4            Lair (5/5) D:9
 Shoals (0/4) Lair:2       Spider (0/4) Lair:2        Slime (0/5) Lair:4
    Orc (2/2) D:12            Elf (3/3) Orc:2        Vaults (0/5) D:14
 Depths (0/4) D:15         Bailey (visited)

Altars:
Makhleb
Okawaru
Xom
Yredelemnul
Zin
The Shining One
Jiyva

Shops:
D:7 !   Orc:2 *(=?

Portals:
Hell: Lair:5

Annotations:
Lair:2 2 transporters
Elf:2 5 runed translucent doors


Innate Abilities, Weirdness & Mutations

You have a pair of horns on your head.
You reflexively headbutt those who attack you in melee.


Message History

The deep elf zephyrmancer blinks!
You block the deep elf archer's attack.
You feel much better.
Your +6 hand axe of Growth {spect, *Rage rElec rPois rCorr} disappears.
The liquid fire burns you!
* * * LOW HITPOINT WARNING * * *
You block the deep elf archer's attack.
You miss the deep elf archer.
Your headbutt misses the deep elf archer.
The deep elf archer is heavily wounded.
Your +6 hand axe of Growth {spect, *Rage rElec rPois rCorr} hits the deep elf archer!
The liquid fire burns you!
* * * LOW HITPOINT WARNING * * *
The deep elf archer barely misses your +6 hand axe of Growth {spect, *Rage rElec rPois rCorr}.
The deep elf zephyrmancer gestures wildly while chanting.
The deep elf zephyrmancer blinks!
You miss the deep elf archer.
Your headbutt misses the deep elf archer.
The deep elf archer is severely wounded.
You slash the deep elf pyromancer!
Your +6 hand axe of Growth {spect, *Rage rElec rPois rCorr} misses the deep elf archer.
Your +6 hand axe of Growth {spect, *Rage rElec rPois rCorr} hits the deep elf pyromancer!!
The liquid fire burns you!
* * * LOW HITPOINT WARNING * * *
The deep elf archer barely misses you.
The deep elf pyromancer hits you but does no damage.
You slice the deep elf archer!!
You kill the deep elf archer!
Trog accepts your kill.
Trog appreciates your killing of a magic user.
You slash the deep elf pyromancer!
Your +6 hand axe of Growth {spect, *Rage rElec rPois rCorr} hits the deep elf pyromancer!!
You kill the deep elf pyromancer!
Trog accepts your kill.
Trog appreciates your killing of a magic user.
The liquid fire burns you!
* * * LOW HITPOINT WARNING * * *
You shake off some of the fire as you move.
Your +6 hand axe of Growth {spect, *Rage rElec rPois rCorr} disappears.
The liquid fire burns you!
You die...

#.#.# #.# ....
.. .# #.#.# #.#
#.# ... .... ..
....
#.#.#.#.#.#.#.#
...........
.#.#.#.#.#.#.#.#
....e...@.......
#.#.#.#.#.#.#.#.
.......).......
.#.#.#.#.#.#.#.
.... .. .......
#.# #.# #.#.#.#.
. .. .... . #.#
#.#.# .. ..


You could see a deep elf zephyrmancer.

Vanquished Creatures
  Jorgrun (D:13)
  A deep elf blademaster (Elf:3)
  Asterion (Elf:2)
  Donald (Orc:2)
  Roxanne (Elf:2)
  A deep elf sorcerer (Elf:3)
  A deep elf elementalist (Elf:3)
  3 deep elf death magi
  A deep elf annihilator (Elf:3)
  Snorg (D:11)
  A deep elf high priest (Elf:2)
  Josephine (Orc:2)
  A great orb of eyes (D:15)
  5 hydras
  An ogre mage (D:11)
  2 rakshasas (D:15)
  4 boulder beetles
  A catoblepas (Lair:5)
  3 centaur warriors
  3 two-headed ogres
  A death knight (D:15)
  7 dancing weapons
  6 death yaks (Lair:5)
  Urug (D:10)
  5 tengu warriors
  2 orc high priests (Orc:2)
  Sonja (Lair:3)
  10 deep elf knights
  Amaemon (Lair:3)
  A skeletal warrior (D:15)
  Lodul (D:13)
  A sixfirhy (Lair:5)
  3 skysharks
  A mana viper (shapeshifter) (Elf:1)
  Pikel (D:9)
  A phantasmal warrior (D:15)
  An arcanist (Lair:5)
  14 deep elf archers
  2 orc knights
  A harpy (shapeshifter) (Elf:1)
  20 deep elf pyromancers
  A harpy (Lair:2)
  17 deep elf zephyrmancers
  3 necromancers (Elf:1)
  22 ugly things
  6 orc sorcerers
  4 manticores
  6 cyclopes
  25 elephants
  2 orange demons
  3 black mambas
  A smoke demon (Lair:5)
  2 large abominations (Elf:1)
  A torpor snail (Lair:5)
  18 cane toads
  5 rime drakes (Lair:5)
  3 gargoyles
  4 unseen horrors
  Maggie (D:6)
  9 komodo dragons
  2 freezing wraiths (D:15)
  2 tengu conjurers
  3 ice devils (Lair:5)
  3 trolls
  2 red devils (Lair:5)
  6 blink frogs (Lair:5)
  A tarantella (shapeshifter) (D:15)
  A hornet (D:8)
  15 slime creatures
  3 culicivoras (Lair:2)
  3 air elementals
  2 shadows
  A vampire (Bailey)
  A water elemental (Elf:1)
  A centaur simulacrum (D:11)
  16 humans
  5 wraiths (Orc:2)
  A fire elemental (Elf:2)
  41 yaks
  4 basilisks
  2 wyverns
  3 steam dragons
  2 wargs
  Menkaure (D:5)
  9 vampire mosquitoes
  17 water moccasins
  3 hell hounds (Lair:5)
  2 acid dragons
  19 orc warriors
  An ice beast (D:7)
  A sky beast (D:7)
  2 laughing skulls (D:15)
  3 black bears
  5 ogres
  7 wolves
  8 centaurs
  A lemure (D:9)
  Blork the orc (D:4)
  2 kobold brigands
  11 bullfrogs
  2 elf zombies (Elf:1)
  A gnoll sergeant (D:9)
  A scorpion (D:6)
  3 wights (D:10)
  6 killer bees (D:8)
  6 vampire bats (Bailey)
  3 howler monkeys (D:8)
  7 wolf zombies (Bailey)
  4 hounds
  6 jellies
  28 orc priests
  A gnoll bouda (D:6)
  Jessica (D:3)
  4 iguanas
  Ijyb (D:5)
  40 orc wizards
  3 adders
  11 gnolls
  A shadow imp (D:8)
  2 white imps
  6 dart slugs
  4 ribbon worms
  51 orcs
  6 endoplasms
  5 giant cockroaches
  15 goblins
  5 hobgoblins
  7 jackals
  2 quokkas
  7 ball pythons
  5 bats
  3 frilled lizards
  22 kobolds
  18 orc zombies (Bailey)
  4 rats
752 creatures vanquished.

Vanquished Creatures (collateral kills)
  A manticore (D:15)
1 creature vanquished.

Vanquished Creatures (others)
  An orc wizard (Orc:2)
  7 spectral weapons
8 creatures vanquished.

Grand Total: 761 creatures vanquished

Notes
Turn   | Place    | Note
-------+----------+-------------------------------------------
     0 | D:1      | Curundu the Minotaur Berserker began the quest for the Orb.
     0 | D:1      | Reached XP level 1. HP: 19/19 MP: 0/0
    27 | D:1      | Reached XP level 2. HP: 7/27 MP: 1/1
   289 | D:1      | Reached XP level 3. HP: 14/33 MP: 2/2
   322 | D:1      | Reached ** piety under Trog
  1267 | D:2      | Found a glowing golden altar of the Shining One.
  1287 | D:2      | Reached XP level 4. HP: 41/41 MP: 3/3
  1383 | D:2      | Reached skill level 5 in Axes
  2037 | D:3      | Reached XP level 5. HP: 4/47 MP: 4/4
  2319 | D:3      | Noticed Jessica
  2330 | D:3      | Killed Jessica
  2335 | D:3      | Identified the +6 hand axe of Growth {spect, *Rage rElec
                  | rPois rCorr}
  3060 | D:3      | Reached *** piety under Trog
  3356 | D:4      | Found a staircase to the Ecumenical Temple.
  3356 | D:4      | Noticed Blork the orc
  3362 | D:4      | Killed Blork the orc
  3363 | D:4      | Reached skill level 5 in Fighting
  3363 | D:4      | Reached skill level 1 in Stealth
  3363 | D:4      | Reached XP level 6. HP: 48/56 MP: 5/5
  3887 | D:5      | Entered Level 5 of the Dungeon
  3899 | D:5      | Reached XP level 7. HP: 61/61 MP: 6/6
  3909 | D:5      | Found an iron altar of Okawaru.
  4079 | D:5      | Found a basalt altar of Yredelemnul.
  4081 | D:5      | Noticed Menkaure
  4088 | D:5      | Killed Menkaure
  4285 | D:5      | Noticed Ijyb
  4292 | D:5      | Killed Ijyb
  4840 | D:6      | Noticed Maggie
  4856 | D:6      | Killed Maggie
  4857 | D:6      | Reached XP level 8. HP: 70/70 MP: 7/7
  5158 | D:6      | Reached skill level 5 in Dodging
  5573 | D:6      | HP: 2/71 [centaur/arrow (8)]
  5866 | D:6      | Reached skill level 10 in Axes
  5875 | D:6      | Identified the +8 rapier of the Hand {flame, rPois rF- rC+
                  | Str+6}
  6294 | D:7      | Found Hoigot's Distillery.
  6614 | D:7      | Reached XP level 9. HP: 30/79 MP: 8/8
  6847 | D:7      | You fall into a shaft and drop 3 floors!
  6847 | D:10     | Entered Level 10 of the Dungeon
  6847 | D:10     | Found the +8 longbow "Zephyr" {speed, Dex+3 SInv}
  7096 | D:9      | Noticed Pikel
  7103 | D:9      | Killed Pikel
  7256 | D:9      | Found a flagged portal.
  7263 | D:9      | Reached **** piety under Trog
  7310 | Bailey   | Entered a bailey
  7618 | Bailey   | Noticed a gargoyle
  7627 | Bailey   | Killed a gargoyle
  7696 | Bailey   | Identified the +0 scale mail of the Lotus Blossom {Harm}
  7965 | Bailey   | Reached skill level 1 in Shields
  8025 | Bailey   | Reached XP level 10. HP: 84/88 MP: 6/9
  8117 | Bailey   | Reached skill level 3 in Armour
  9009 | D:8      | Paralysed by a hornet for 1 turns
  9201 | D:8      | Gained mutation: You are weak. (Str -2) [potion of
                  | mutation]
  9202 | D:8      | Lost mutation: You are weak. (Str -2) [potion of mutation]
  9202 | D:8      | Gained mutation: You are partially covered in iridescent
                  | scales. (AC +2) [potion of mutation]
  9202 | D:8      | Lost mutation: You are partially covered in iridescent
                  | scales. (AC +2) [potion of mutation]
  9264 | D:8      | Reached ***** piety under Trog
  9609 | D:8      | Reached skill level 4 in Armour
  9778 | D:9      | Found a staircase to the Lair.
 10386 | D:10     | Noticed a gargoyle
 10392 | D:10     | Killed a gargoyle
 10393 | D:10     | Reached skill level 5 in Armour
 10399 | D:10     | Noticed Urug
 10410 | D:10     | Killed Urug
 10545 | D:10     | Found a glowing silver altar of Zin.
 10616 | D:10     | Found a shimmering altar of Xom.
 11280 | D:11     | Reached skill level 5 in Shields
 11280 | D:11     | Reached XP level 11. HP: 97/97 MP: 4/10
 11352 | D:11     | Noticed an eight-headed hydra
 11361 | D:11     | Killed a 19-headed hydra
 11362 | D:11     | Reached skill level 6 in Armour
 11769 | D:11     | Noticed a deep elf pyromancer
 11769 | D:11     | Noticed a tengu warrior
 11778 | D:11     | Killed a tengu warrior
 11780 | D:11     | Killed a deep elf pyromancer
 11781 | D:11     | Reached skill level 7 in Armour
 12063 | D:11     | Noticed a tengu warrior
 12090 | D:11     | Noticed an ogre mage
 12110 | D:11     | Noticed a boulder beetle
 12266 | D:11     | Reached skill level 8 in Armour
 12268 | D:11     | Killed an ogre mage
 12340 | D:11     | Noticed a centaur warrior
 12354 | D:11     | Reached skill level 9 in Armour
 12358 | D:11     | Killed a centaur warrior
 12371 | D:11     | Killed a boulder beetle
 12397 | D:11     | Killed a tengu warrior
 12398 | D:11     | Reached skill level 10 in Armour
 12755 | D:11     | Noticed a two-headed ogre
 12764 | D:11     | Killed a two-headed ogre
 12968 | D:11     | Noticed Snorg
 12977 | D:11     | Killed Snorg
 12978 | D:11     | Reached XP level 12. HP: 106/106 MP: 7/11
 13159 | D:12     | Reached skill level 11 in Armour
 13159 | D:12     | Noticed a two-headed ogre
 13170 | D:12     | Killed a two-headed ogre
 13303 | D:12     | Reached skill level 10 in Fighting
 13630 | D:12     | Noticed a two-headed ogre
 13637 | D:12     | Killed a two-headed ogre
 13972 | D:12     | Found a staircase to the Orcish Mines.
 14005 | D:12     | Reached skill level 12 in Armour
 14740 | D:13     | Noticed Jorgrun
 14748 | D:13     | Killed Jorgrun
 15013 | D:13     | Noticed a tengu warrior
 15015 | D:13     | Noticed a tengu warrior
 15024 | D:13     | Killed a tengu warrior
 15025 | D:13     | Reached skill level 13 in Armour
 15026 | D:13     | Killed a tengu warrior
 15358 | D:14     | Noticed Lodul
 15358 | D:14     | Noticed a centaur warrior
 15358 | D:14     | Found a gate to the Vaults.
 15371 | D:13     | Reached skill level 10 in Shields
 15666 | D:14     | Reached XP level 13. HP: 114/114 MP: 2/12
 15676 | D:13     | Killed Lodul
 16579 | D:14     | Reached skill level 14 in Armour
 16868 | D:15     | Entered Level 15 of the Dungeon
 16934 | D:15     | Received a gift from Trog
 17023 | D:15     | Identified a scroll of acquirement
 17023 | D:15     | Acquired the ring "Harghi" {Fire rN++ Str+2 Dex-4 SInv}
 17561 | D:15     | Reached skill level 15 in Axes
 18043 | D:15     | Reached skill level 15 in Armour
 18080 | D:15     | Found a staircase to the Depths.
 18085 | D:15     | Reached XP level 14. HP: 112/124 MP: 10/13
 18629 | D:15     | Reached skill level 10 in Dodging
 19307 | Lair:1   | Entered Level 1 of the Lair of Beasts
 19558 | Lair:1   | Identified the +2 scale mail "Fijoi" {Str+3 Dex+3}
 20250 | Lair:2   | Found a transporter.
 20578 | Lair:2   | Found a hole to the Spider Nest.
 20602 | Lair:2   | Found a transporter.
 20721 | Lair:2   | Found a staircase to the Shoals.
 20960 | Lair:3   | Noticed Sonja
 20964 | Lair:3   | Killed Sonja
 21119 | Lair:3   | Noticed Amaemon
 21127 | Lair:3   | Killed Amaemon
 22821 | Lair:4   | Reached skill level 16 in Armour
 23029 | Lair:4   | Found a staircase to the Slime Pits.
 23082 | Lair:4   | Found a viscous altar of Jiyva.
 23903 | Lair:5   | Entered Level 5 of the Lair of Beasts
 24068 | Lair:5   | Reached XP level 15. HP: 134/134 MP: 0/14
 24277 | Lair:5   | Received a gift from Trog
 24534 | Lair:5   | Reached skill level 15 in Shields
 25730 | Lair:5   | Found a burning altar of Makhleb.
 25762 | Lair:5   | Found a gateway to Hell.
 26754 | Orc:1    | Entered Level 1 of the Orcish Mines
 27318 | Orc:2    | Entered Level 2 of the Orcish Mines
 27327 | Orc:2    | Noticed Donald
 27338 | Orc:2    | Killed Donald
 27368 | Orc:2    | Reached skill level 17 in Armour
 27511 | Orc:2    | Found a staircase to the Elven Halls.
 27514 | Orc:2    | Noticed Josephine
 27523 | Orc:2    | Killed Josephine
 27893 | Orc:2    | Received a gift from Trog
 28674 | Orc:2    | Found Urhoaleq's Magic Scroll Shop.
 28674 | Orc:2    | Found Noxaledi's Weapon Boutique.
 28677 | Orc:2    | Found Footuoqa's Assorted Antiques.
 28684 | Orc:2    | Found Izops's Jewellery Shop.
 28788 | Orc:2    | Bought a scroll of identify for 26 gold pieces
 28788 | Orc:2    | Bought a scroll of fear for 52 gold pieces
 28788 | Orc:2    | Bought a scroll of identify for 26 gold pieces
 28790 | Orc:2    | Bought a scroll of identify for 64 gold pieces
 28941 | Elf:1    | Entered Level 1 of the Elven Halls
 28975 | Orc:2    | Bought a +6 ring of strength for 396 gold pieces
 29646 | Elf:1    | Paralysed by an air elemental for 1 turns
 30004 | Elf:1    | Reached XP level 16. HP: 146/146 MP: 12/15
 32289 | Elf:2    | Found a huge runed translucent gate.
 32289 | Elf:2    | Found a huge runed translucent gate.
 32289 | Elf:2    | Found a huge runed translucent gate.
 32289 | Elf:2    | Found a huge runed translucent gate.
 32289 | Elf:2    | Found a huge runed translucent gate.
 32389 | Elf:2    | Reached skill level 18 in Armour
 32438 | Elf:2    | Noticed Roxanne
 32450 | Elf:2    | Killed Roxanne
 32577 | Elf:2    | Identified the +5 hand axe "Tuij" {heavy, Fly} (Trog gifted
                  | it to you on level 2 of the Elven Halls)
 32577 | Elf:2    | Received a gift from Trog
 32728 | Elf:2    | Noticed Asterion
 32742 | Elf:2    | Noticed an Executioner
 32748 | Elf:2    | Killed Asterion
 32983 | Elf:3    | Entered Level 3 of the Elven Halls
 33608 | Elf:3    | Noticed a deep elf blademaster
 33609 | Elf:3    | Identified the ring "Ycamak Heck" {EV+5 Dex-5 Slay+2 SInv}
 33612 | Elf:3    | Noticed a deep elf master archer
 33620 | Elf:3    | Killed a deep elf blademaster
 33621 | Elf:3    | Reached skill level 15 in Fighting
 33640 | Elf:3    | HP: 3/149 [burnt (11)]
 33641 | Elf:3    | Incinerated by a deep elf pyromancer

Illustrated notes

Levels and vault maps discovered:
D:1:      orjb1_lava_funnel, layout_basic, minivault_5, skrybe_limestone_x
D:2:      layout_basic, serial_glass, glass_columns_a, glass_columns_a,
          basic_altar, chequers_serial_rivers_small_3, palyth_stone_intersect
D:3:      kennysheep_the_goblin_king, layout_basic, uniq_jessica
D:4:      layout_basic, minmay_temple_entry_mini_moons, uniq_blork_the_orc
D:5:      layout_loops_ring, mainiacjoe_overflow_boulevard, okawaru_gym_becter,
          hangedman_decor_opposing, uniq_menkaure, uniq_ijyb
D:6:      layout_gridville, nicolae_tricolors, uniq_maggie
D:7:      layout_rooms, serial_shops, nicolae_shop_peninsula
D:8:      layout_gridville
D:9:      layout_basic, lair_entry_dummy, enter_bailey_5, uniq_pikel
D:10:     layout_basic, mainiacjoe_overflow_tiny_flanked, lemuel_tele_altar,
          uniq_urug
D:11:     minmay_cornered_nines, layout_irregular_city,
          minmay_fractal_squares_gapless_7, uniq_snorg
D:12:     layout_irregular_city, david_orc_1_choice, hangedman_decor_lopped
D:13:     layout_long_grid, serial_rivers, chequers_serial_rivers_small_a,
          chequers_serial_rivers_room_b, chequers_serial_rivers_large_b,
          chequers_serial_rivers_micro_c, uniq_jorgrun
D:14:     layout_roguey, david_vaults_3, chequers_serial_rivers_small_a
D:15:     gammafunk_enter_depths_forms, layout_irregular_city,
          dreamdust_wishing_well
Lair:1:   layout_regular_city
Lair:2:   gammafunk_worm_tunnel, layout_big_grid, nicolae_shoals_entry_roost,
          hellmonk_spider_entry_life_and_decay, ebering_ghost_inner_flame
Lair:3:   layout_layer_cave, beast_lair_carwin_4, uniq_sonja, uniq_amaemon
Lair:4:   layout_gridlike, nicolae_slime_entry_field_trip
Lair:5:   evil_forest, layout_gridlike, serial_forest,
          infiniplex_forest_clump_C, infiniplex_forest_straight_2,
          infiniplex_forest_clump_small, infiniplex_forest_clump_small,
          infiniplex_forest_lined_1, infiniplex_forest_lined_room_2,
          infiniplex_forest_clump_long, lemuel_fruit_fields
Orc:1:    layout_caves
Orc:2:    st_orc_mages, layout_caves, basic_altar, uniq_donald, uniq_josephine
Elf:1:    elf_arrival_001, layout_loops_cross, minmay_elf_necromancy
Elf:2:    elven_hall_of_blades_hangedman_alternative [nicolae_blade_bullseye],
          layout_loops_ring, uniq_roxanne, uniq_asterion
Elf:3:    grunt_elf_hall_spiral, layout_gridlike, hex_large

Skill      XL: |  1  2  3  4  5  6  7  8  9 10 11 12 13 14 15 16 |
---------------+-------------------------------------------------+-----
Axes           | 4 5 6 7 9 10 11 13 14 15 16 17 | 17.6
Fighting       | 4 5 6 7 8 9 10 11 12 14 15 | 15.1
Dodging        | 3 4 5 7 8 9 10 11 12 | 12.7
Stealth        | 1 3 4 |  4.7
Shields        | 1 5 7 10 12 14 16 | 16.9
Armour         | 5 10 13 15 16 17 18 | 18.5
Throwing       | |  0.8
Evocations     | |  0.4

Action                     |  1- 3 |  4- 6 |  7- 9 | 10-12 | 13-15 | 16-18 || total
---------------------------+-------+-------+-------+-------+-------+-------++-------
  Melee: Hand axe          |    92 |    37 |   138 |   311 |   719 |   200 ||  1497
         Headbutt          |    10 |     9 |    28 |    62 |   201 |    47 ||   357
         War axe           |       |    34 |       |       |       |       ||    34
         Punch             |       |       |     1 |       |       |       ||     1
  Throw: Javelin           |       |       |       |       |     3 |    10 ||    13
         Throwing net      |       |       |       |       |     1 |       ||     1
 Invoke: Trog's Hand       |       |     1 |     6 |    12 |    17 |     6 ||    42
         Berserk           |       |       |       |     1 |     1 |     1 ||     3
         Brothers in Arms  |       |       |       |       |     1 |       ||     1
  Evoke: Wand              |       |       |     1 |       |     1 |     3 ||     5
    Use: Scroll            |       |       |    13 |     9 |    12 |     1 ||    35
         Potion            |       |       |       |     3 |     3 |     4 ||    10
   Stab: Sleeping          |       |     2 |     3 |     1 |       |       ||     6
         Distracted        |       |       |     3 |     5 |     9 |     5 ||    22
         Petrified         |       |       |       |       |     7 |       ||     7
 Armour: Animal skin       |    61 |    41 |    85 |    20 |       |       ||   207
         Plate armour      |       |       |       |   210 |   418 |   104 ||   732
  Dodge: Dodged            |    65 |    53 |    68 |    74 |   128 |    29 ||   417
  Block: Kite shield       |       |       |    15 |    10 |       |       ||    25
         Tower shield      |       |       |       |   196 |   596 |   124 ||   916
